Map: [ESL] Alcyone

Players

PattyMac

  • Race: Protoss Protoss
  • Spawn Location: 1:00

Harstem - Winner!

  • Race: Protoss Protoss
  • Spawn Location: 7:00

Event: ESL Spring 2024 Finals

VOD

Have the link to the VOD?

Description

Time

  • Played on: May 31, 2024, 5:24 p.m.
  • Length: 5:11

All games in this series

Show
View Real Time Build Order
Export as new Build Order

PattyMac Protoss 

Build Orders:  

Get SALT Encoding   

  12  0:00  Probe  
  13  0:13  Probe  
  14  0:17  Pylon  
  14  0:25  Probe (Chrono Boost)  
  16  0:36  Probe (Chrono Boost)  
  16  0:38  Gateway  
  16  0:41  Probe (Chrono Boost)  
  16  0:45  Assimilator  
  17  0:51  Probe (Chrono Boost)  
  17  0:54  Assimilator  
  18  1:03  Probe (Chrono Boost)  
  19  1:06  Gateway  
  19  1:12  Probe (Chrono Boost)  
  19  1:18  Probe  
  21  1:26  Cybernetics Core  
  21  1:30  Probe  
  22  1:37  Pylon  
  22  1:42  Probe  
  23  2:02  Robotics Facility  
  23  2:03  Stalker x2  
  27  2:08  Warp Gate  
  27  2:12  Pylon  
  27  2:20  Probe  
  28  2:33  Stalker x2  
  31  2:48  Shield Battery  
  31  2:54  Immortal (Chrono Boost)  
  35  3:08  Gateway  
  35  3:23  Warp Prism (Chrono Boost)  
  37  3:32  Pylon  
  31  3:51  Probe  
  26  4:00  Immortal  
  26  4:02  Sentry x2  
Show
View Real Time Build Order
Export as new Build Order

Harstem Protoss - Winner!

Build Orders: Oracle Opening 

Get SALT Encoding   

  12  0:00  Probe  
  13  0:12  Probe  
  14  0:17  Pylon  
  14  0:24  Probe (Chrono Boost)  
  15  0:37  Gateway, Probe (Chrono Boost)  
  16  0:44  Probe (Chrono Boost)  
  16  0:45  Assimilator  
  17  0:51  Probe  
  17  0:54  Assimilator  
  18  1:03  Probe (Chrono Boost)  
  19  1:07  Gateway  
  19  1:12  Probe (Chrono Boost)  
  19  1:17  Probe (Chrono Boost)  
  20  1:24  Cybernetics Core  
  21  1:29  Probe  
  22  1:36  Pylon  
  22  1:41  Probe  
  24  2:00  Stargate  
  24  2:01  Adept  
  24  2:03  Warp Gate, Probe  
  26  2:11  Stalker  
  28  2:18  Pylon  
  28  2:20  Probe  
  29  2:32  Probe  
  30  2:42  Oracle (Chrono Boost)  
  30  2:50  Stalker  
  30  2:51  Probe  
  36  2:56  Pylon  
  36  3:11  Oracle (Chrono Boost)  
  36  3:13  Zealot  
  36  3:15  Shield Battery  
  41  3:20  Probe  
  41  3:21  Pylon  
  42  3:35  Robotics Facility  
  44  3:44  Shield Battery  
  42  3:51  Zealot  
  42  3:55  Shield Battery  
  44  3:57  Sentry  
  44  3:58  Probe  
  47  4:11  Pylon  
  47  4:22  Pylon  
  47  4:26  Stalker  
  47  4:29  Immortal  
  49  4:37  Stalker  
  52  4:45  Pylon  
  51  4:51  Shield Battery  
  51  4:55  Stalker  
Tags
 
Add a new tag
Caveats
  • Supply blocks, unpowered buildings, or Contaminate may cause inaccurate times.
  • Supply counts are checked every 10 seconds.